 Dungeon Crawl Stone Soup version 0.25-a0-167-g836c352ace (webtiles) character file.

Game seed: 17998024423322969836, levelgen mode: deterministic

19558 Lanoc the Slinger (level 13, -1/93 HPs)
             Began as a Halfling Monk on Nov 26, 2019.
             Was the Champion of Elyvilon.
             Slain by a sun demon (13 damage)
             ... summoned by an orc high priest
             ... on level 9 of the Dungeon.
             The game lasted 00:38:07 (16822 turns).

Lanoc the Slinger (Halfling Monk)                  Turns: 16822, Time: 00:38:07

Health: -1/93      AC:  8    Str: 14    XL:     13   Next: 5%
Magic:  21/21      EV: 22    Int:  8    God:    Elyvilon [******]
Gold:   774        SH:  7    Dex: 20    Spells: 12/12 levels left

rFire    . . .     SeeInvis .   k - +1 hunting sling
rCold    + . .     Gourm    +   l - +0 buckler
rNeg     . . .     Faith    .   e - +1 ring mail {rC+}
rPois    .         Spirit   .   (no helmet)
rElec    .         Reflect  .   x - +2 cloak
rCorr    .         Harm     .   (no gloves)
MR       +....                  (no boots)
Stlth    ++........             r - amulet of the gourmand
HPRegen  0.25/turn              s - +3 ring of protection
MPRegen  0.17/turn              o - ring of protection from magic

@: corroded, very slightly contaminated, invisible
A: small, mutation resistance 1
a: Lesser Healing, Heal Other, Purification, Greater Healing, Divine Vigour,
Divine Protection, Renounce Religion


You were on level 9 of the Dungeon.
You worshipped Elyvilon.
Elyvilon was exalted by your worship.
You were full.

You visited 3 branches of the dungeon, and saw 14 of its levels.

You collected 874 gold pieces.
You spent 100 gold pieces at shops.

Inventory:

Hand Weapons
 h - a +2 short sword of electrocution
 k - a +1 hunting sling (weapon)
Missiles
 n - 4 poisoned darts (quivered)
 u - 14 atropa-tipped darts
Armour
 e - a +1 ring mail of cold resistance (worn)
 l - a +0 buckler (worn)
 x - a +2 cloak (worn)
Jewellery
 o - a ring of protection from magic (right hand)
 r - an amulet of the gourmand (around neck)
 s - a +3 ring of protection (left hand)
 t - an uncursed ring of protection from fire
Wands
 a - a wand of polymorph (7)
 j - a wand of digging (5)
 A - a wand of flame (10)
Scrolls
 b - 2 scrolls of amnesia
 f - 2 scrolls of magic mapping
 i - a scroll of remove curse
 v - a scroll of fog
 w - a scroll of silence
 y - a scroll of identify
 D - a scroll of enchant weapon
Potions
 d - a potion of cancellation
 m - 3 potions of heal wounds
 p - a potion of magic
 z - 2 potions of curing
 B - 2 potions of resistance
Comestibles
 c - 22 rations


   Skills:
 + Level 10.3 Fighting
   Level 3.0 Long Blades
 - Level 12.0 Slings
 + Level 12.0 Dodging
 - Level 2.1 Stealth
 + Level 5.2 Shields
 + Level 10.8 Invocations


You had 12 spell levels left.
You didn't know any spells.
Your spell library contained the following spells:

 Spells                   Type           Power        Failure   Level  Hunger
 Confusing Touch          Hex            #.....       67%         1    ##.....
 Flame Tongue             Conj/Fire      #....        67%         1    ##.....
 Sandblast                Erth           #.....       67%         1    ##.....
 Passwall                 Tmut/Erth      #.......     80%         2    ###....
 Throw Flame              Conj/Fire      #.....       80%         2    ###....
 Confuse                  Hex            #.......     95%         3    ####...
 Conjure Flame            Conj/Fire      #.......     95%         3    ####...
 Gell's Gravitas          Tloc           #.........   95%         3    ####...
 Inner Flame              Hex/Fire       #.......     95%         3    ####...
 Stone Arrow              Conj/Erth      #.....       95%         3    ####...
 Petrify                  Tmut/Erth      #.......     100%        4    #####..
 Sticky Flame             Conj/Fire      #.......     100%        4    #####..
 Fireball                 Conj/Fire      #.........   100%        5    ######.
 Lee's Rapid Deconstruct  Erth           #.........   100%        5    ######.
 Metabolic Englaciation   Hex/Ice        #.........   100%        5    ######.
 Yara's Violent Unravell  Hex/Tmut       #.........   100%        5    ######.


Dungeon Overview and Level Annotations

Branches:
Dungeon (13/15)            Temple (1/1) D:6            Lair (0/6) D:10
    Orc (1/2) D:9
 Vaults: D:13-14

Altars:
Cheibriados
Dithmenos
Elyvilon
Trog
Uskayaw
Vehumet
Wu Jian
Xom
Zin
The Shining One

Shops:
D:4 =   D:5 =   D:8 !   D:10 [


Innate Abilities, Weirdness & Mutations

You are small and have problems with some larger weapons.
You are somewhat resistant to further mutation.


Message History

The orc high priest mumbles some strange prayers to Beogh against you.
Pain shoots through your body!
The hellwing hits you but does no damage.
The hellwing closely misses you. The orc high priest misses you.
You fade into invisibility!
The orc high priest misses you.
You are very lightly contaminated with residual magic.
The orc high priest mumbles some strange prayers to Beogh.
You see here 6 poisoned darts.
The orc high priest misses you. The rust devil hits you.
The rust devil corrodes you! You block the sun demon's attack.
The sun demon misses you.
The orc high priest calls down the wrath of Beogh upon you.
Beogh smites you! The sun demon hits you!
* * * LOW HITPOINT WARNING * * *
You are engulfed in flames!
You die...

#.#<# #.#...[....#.###.####
##.#####.#.###....#..##.# #
#........#.# #.......##.#########
#......###.# #......([...........
#......###.###.......##.#########
#......##.....######..#....# #
#......##.....# #..#.##.### #
#########.....##########)....####
#.......@3..#.....8.....#
###########o#.....(.....#
#...[...(...... #..8....>...[8.
##......)[..... ##....)......#
###..[..8.....# #.####.....####
#....>.....([..


You could see an orc high priest and a sun demon.

Vanquished Creatures
  A two-headed ogre (D:12)
  An unseen horror (D:10)
  2 deep elf magi (D:12)
  2 manticores
  2 ugly things (D:12)
  An orc sorcerer (D:9)
  A cyclops (Orc:1)
  2 molten gargoyles (D:12)
  2 hornets (D:9)
  3 trolls
  3 hippogriffs
  Grinder (D:6)
  24 yaks
  A wyvern (D:9)
  2 hungry ghosts (D:11)
  5 vampire mosquitoes
  A warg (D:9)
  2 soldier ants (D:9)
  Duvessa (D:4)
  A water moccasin (D:9)
  11 orc warriors
  3 black bears
  3 sky beasts (D:11)
  3 ice beasts
  A necrophage (D:12)
  6 ogres
  8 centaurs
  2 elf zombies (D:4)
  2 big kobolds (D:12)
  7 bullfrogs
  Dowan (D:4)
  7 scorpions
  A wyvern skeleton (D:11)
  18 wights
  14 killer bees
  4 howler monkeys
  5 lava snakes (D:12)
  5 crimson imps
  A quasit (D:8)
  2 centaur skeletons
  2 jellies
  6 orc priests
  A bullfrog zombie (D:13)
  4 bullfrog skeletons
  Crazy Yiuf (D:4)
  7 hounds
  2 human skeletons (D:4)
  5 iguanas
  11 orc wizards
  3 worker ants
  Ijyb (D:4)
  A hound skeleton (D:6)
  A howler monkey zombie (D:10)
  10 gnolls
  A worker ant zombie (D:5)
  6 adders
  A howler monkey skeleton (D:6)
  2 adder zombies
  An adder skeleton (D:9)
  4 leopard geckos
  43 orcs
  4 bats (D:1)
  5 giant cockroaches
  A goblin (D:1)
  5 hobgoblins
  4 jackals
  4 quokkas
  3 frilled lizards
  A jackal skeleton (D:8)
  13 kobolds
  A leopard gecko zombie (D:5)
  2 orc zombies (D:4)
  A rat (D:1)
319 creatures vanquished.

Vanquished Creatures (others)
  A plant (D:6)
1 creature vanquished.

Grand Total: 320 creatures vanquished

Notes
Turn   | Place    | Note
-------+----------+-------------------------------------------
     0 | D:1      | Lanoc the Halfling Monk began the quest for the Orb.
     0 | D:1      | Reached XP level 1. HP: 15/15 MP: 1/1
    81 | D:1      | Reached XP level 2. HP: 16/20 MP: 2/2
   249 | D:1      | Reached XP level 3. HP: 10/26 MP: 3/3
  1240 | D:2      | Reached XP level 4. HP: 11/31 MP: 4/4
  1290 | D:2      | You fall into a shaft and drop 2 floors!
  1330 | D:4      | Noticed Ijyb
  1346 | D:4      | Killed Ijyb
  1346 | D:4      | Reached skill level 1 in Slings
  1347 | D:4      | Found Siqec's Jewellery Boutique.
  1382 | D:4      | Reached XP level 5. HP: 37/37 MP: 5/5
  1424 | D:4      | Found a snail-covered altar of Cheibriados.
  1443 | D:4      | You fall into a shaft and drop 3 floors!
  1469 | D:6      | Noticed Grinder
  1475 | D:6      | HP: 2/55 [Grinder (2)]
  1476 | D:6      | Killed Grinder
  1476 | D:6      | Reached skill level 5 in Slings
  1476 | D:6      | Reached skill level 5 in Dodging
  1476 | D:6      | Reached XP level 6. HP: 3/43 MP: 6/6
  1880 | D:6      | Reached XP level 7. HP: 49/49 MP: 7/7
  1895 | D:5      | Entered Level 5 of the Dungeon
  2279 | D:4      | Found a white marble altar of Elyvilon.
  2293 | D:4      | Became a worshipper of Elyvilon the Healer
  2293 | D:4      | Reached * piety under Elyvilon
  2293 | D:4      | Reached ** piety under Elyvilon
  2428 | D:5      | Reached skill level 1 in Invocations
  2483 | D:4      | Found a runed translucent door.
  2485 | D:4      | Noticed Crazy Yiuf
  2565 | D:4      | Reached XP level 8. HP: 54/54 MP: 8/8
  2590 | D:4      | Noticed Dowan
  2592 | D:4      | Noticed Duvessa
  2635 | D:4      | Killed Duvessa
  2647 | D:4      | Killed Dowan
  2647 | D:4      | Reached skill level 5 in Fighting
  3100 | D:4      | Found a glowing golden altar of the Shining One.
  3776 | D:4      | Killed Crazy Yiuf
  3969 | D:5      | Found Pamp's Jewellery Shoppe.
  3986 | D:5      | Reached *** piety under Elyvilon
  4136 | D:5      | Found a radiant altar of Vehumet.
  4136 | D:5      | Found a bloodstained altar of Trog.
  4136 | D:5      | Found a shadowy altar of Dithmenos.
  4543 | D:6      | Reached XP level 9. HP: 38/61 MP: 11/11
  4711 | D:6      | Found a staircase to the Ecumenical Temple.
  4716 | Temple   | Entered the Ecumenical Temple
  5105 | D:7      | Reached skill level 10 in Slings
  5536 | D:7      | Found a glowing silver altar of Zin.
  5545 | D:7      | Found an ornate altar of the Wu Jian Council.
  5546 | D:7      | Found a shimmering altar of Xom.
  5884 | D:8      | Reached **** piety under Elyvilon
  6019 | D:8      | Reached skill level 5 in Invocations
  6019 | D:8      | Reached XP level 10. HP: 69/69 MP: 13/13
  6398 | D:8      | Found Xol Dant's Distillery.
  6401 | D:8      | Bought a potion of haste for 100 gold pieces
  6930 | D:9      | Reached ***** piety under Elyvilon
  7288 | D:9      | Found a hide-covered altar of Uskayaw.
  7537 | D:9      | Found a glowing golden altar of the Shining One.
  8086 | D:9      | Found a staircase to the Orcish Mines.
  8517 | D:9      | Paralysed by a hornet for 2 turns
  8523 | D:9      | Reached XP level 11. HP: 45/76 MP: 16/16
  9031 | D:10     | Entered Level 10 of the Dungeon
  9144 | D:10     | Noticed a green ugly thing
  9499 | D:10     | Reached skill level 10 in Dodging
 10583 | D:10     | Killed an unseen horror
 10672 | D:10     | Found a staircase to the Lair.
 10693 | D:10     | Found Zeanot's Antique Armour Shop.
 11607 | D:11     | Reached XP level 12. HP: 54/85 MP: 19/19
 12071 | D:11     | Reached ****** piety under Elyvilon
 12163 | D:11     | Reached skill level 1 in Shields
 12608 | D:12     | Noticed a two-headed ogre
 12623 | D:12     | Killed a two-headed ogre
 13230 | D:12     | Reached skill level 10 in Invocations
 14058 | D:12     | Reached skill level 10 in Fighting
 15093 | D:13     | Noticed a catoblepas
 15272 | Orc:1    | Entered Level 1 of the Orcish Mines
 15859 | Orc:1    | Reached skill level 5 in Shields
 16226 | Orc:1    | Reached XP level 13. HP: 86/92 MP: 21/21
 16822 | D:9      | Slain by a sun demon

Levels and vault maps discovered:
D:1:      lightli_arrival_statue_moat, layout_basic
D:2:      layout_rooms, grunt_temple_overflow_opulence
D:4:      layout_loops_corners, nicolae_overflow_hidden_temple,
          cheibriados_altar_1, nicolae_tso_swordbearing_angel, serial_shops,
          shop, nicolae_ossuary_entry_catacombs, uniq_duvessa,
          uniq_crazy_yiuf_cottage, uniq_ijyb
D:5:      layout_basic, gammafunk_temple_overflow_claw, serial_shops, shop
D:6:      layout_loops_ring, temple_doors_ab, chequers_arboretum,
          serial_bayou_pond_b, uniq_grinder
D:7:      layout_rooms, chequers_temple_overflow_statue_of_worship
D:8:      layout_gridville, serial_shops, kennysheep_mini_moat
D:9:      layout_basic, lemuel_doored_altar, david_orc_2, basic_altar,
          hangedman_pestilent_swarm
D:10:     layout_basic, lair_entry_dummy, serial_shops, shop, nicolae_wwwww
D:11:     layout_irregular_city
D:12:     cheibrodos_magma_flow, layout_loops_corners, billiards_dpeg
D:13:     layout_roguey [special_room_bee]
Temple:   nicolae_temple_figure_zero
Orc:1:    layout_caves, gammafunk_ghost_cemetery, trog_book

Skill      XL: |  1  2  3  4  5  6  7  8  9 10 11 12 |
---------------+-------------------------------------+-----
Fighting       | 3 4 5 6 7 9 10 | 10.3
Dodging        | 4 5 6 7 9 10 12 | 12.0
Slings         | 2 5 7 9 11 12 | 12.0
Invocations    | 1 3 5 7 9 10 | 10.8
Shields        | 5 |  5.2
Long Blades    | |  3.0
Stealth        | |  2.1

Action                   |  1- 3 |  4- 6 |  7- 9 | 10-12 | 13-15 || total
-------------------------+-------+-------+-------+-------+-------++-------
Melee: Falchion          |    64 |       |       |       |       ||    64
       Dagger            |    18 |    22 |    14 |       |       ||    54
       Unarmed           |       |     2 |    10 |       |       ||    12
       Short sword       |       |       |    48 |    87 |       ||   135
       Hunting sling     |       |       |       |     1 |       ||     1
 Fire: Hunting sling     |       |    51 |   530 |  1429 |    13 ||  2023
Throw: Dart              |       |       |    21 |   289 |    38 ||   348
  Use: Scroll            |       |     8 |    11 |     7 |       ||    26
       Potion            |       |     3 |     5 |     7 |     1 ||    16
 Stab: Sleeping          |     2 |       |       |       |       ||     2
  Eat: Chunk             |       |     3 |     5 |    37 |       ||    45
       Ration            |       |       |     2 |     1 |       ||     3
Armor: Robe              |    10 |     2 |    26 |       |       ||    38
       Skin              |       |       |    16 |       |       ||    16
       Ring mail         |       |       |     5 |   192 |    11 ||   208
Dodge: Dodged            |    58 |    39 |   207 |   771 |    42 ||  1117
Block: Buckler           |       |       |       |   104 |    12 ||   116
       Rpst.: Falchion   |    12 |       |       |       |       ||    12

Table legend:
 A = Non-vault XP
 B = Vault XP
 C = Vault XP percentage of total XP
 D = Non-vault monster count
 E = Vault monster count
 F = Vault count percentage of total count
                 A         B        C        D         E       F
            +---------+---------+-------+---------+---------+-------
      Total |   23152 |    4788 |  17.1 |     283 |      36 |  11.3
            +---------+---------+-------+---------+---------+-------
        D:1 |      40 |       0 |   0.0 |      24 |       0 |   0.0
        D:2 |      31 |       0 |   0.0 |       5 |       0 |   0.0
        D:4 |     143 |     578 |  80.2 |      12 |      10 |  45.5
        D:5 |     561 |       0 |   0.0 |      11 |       0 |   0.0
        D:6 |     693 |     376 |  35.2 |      18 |       4 |  18.2
        D:7 |    1259 |       0 |   0.0 |      28 |       0 |   0.0
        D:8 |     888 |       0 |   0.0 |      18 |       0 |   0.0
        D:9 |    4014 |    1415 |  26.1 |      50 |      12 |  19.4
       D:10 |    3192 |       0 |   0.0 |      26 |       0 |   0.0
       D:11 |    4769 |       0 |   0.0 |      31 |       0 |   0.0
       D:12 |    4631 |    2419 |  34.3 |      31 |      10 |  24.4
       D:13 |    1407 |       0 |   0.0 |      12 |       0 |   0.0
      Orc:1 |    1524 |       0 |   0.0 |      17 |       0 |   0.0
            +---------+---------+-------+---------+---------+-------
